 Dungeon Crawl Stone Soup version 0.27.1 (webtiles) character file.

Game seed: 18425086220172652674

334 Malachi the Chopper (level 6, -1/73 HPs)
             Began as a Formicid Abyssal Knight on Aug 25, 2021.
             Was a Believer of Lugonu.
             Slain by Duvessa (2 damage)
             ... on level 4 of the Dungeon.
             The game lasted 00:04:43 (3990 turns).

Malachi the Chopper (Formicid Abyssal Knight)       Turns: 3990, Time: 00:04:44

Health: -1/73      AC: 23    Str: 18    XL:     6   Next: 83%
Magic:  7/7        EV:  2    Int: 12    God:    Lugonu [**....]
Gold:   61         SH:  0    Dex: 10    Spells: 5/5 levels left

rFire    . . .     SeeInvis .   a - +1 hand axe
rCold    + . .     Faith    .   (no shield)
rNeg     + + +     Spirit   .   (armour currently unavailable)
rPois    +         Reflect  .   (helmet unavailable)
rElec    .         Harm     .   (cloak currently unavailable)
rCorr    +         Rampage  .   (gloves currently unavailable)
Will     .....                  (boots currently unavailable)
Stlth    +.........             (no amulet)
HPRegen  0.22/turn              e - ring of resist corrosion
MPRegen  0.10/turn              j - ring of protection from cold

@: lit by a corona, tree-form, glowing
A: stationary, stasis, torment immunity, boosted hp, permanent stasis, dig
shafts and tunnels, (antennae 3), four strong arms
a: Renounce Religion, Depart the Abyss, Bend Space


You were on level 4 of the Dungeon.
You worshipped Lugonu.
Lugonu was pleased with you.
You were a tree.
You visited 1 branch of the dungeon, and saw 4 of its levels.
You visited the Abyss 1 time.

You collected 268 gold pieces.
You spent 207 gold pieces at shops.

Inventory:

Hand Weapons
 a - a +1 hand axe (weapon)
Armour
 g - the +6 scale mail of Impressiveness (melded) {Rampage +Inv rF+ Int+4}
   (You bought it in a shop on level 3 of the Dungeon)

   Int:       It affects your intelligence (+4).
   rF:        It protects you from fire.
   +Inv:      It lets you turn invisible.
   Rampage:   It bestows one free step when moving towards enemies.
Jewellery
 e - a ring of resist corrosion (left branch)
 j - a ring of protection from cold (right branch)
Potions
 c - a potion of berserk rage {unknown}
 d - a potion of haste {unknown}
 f - 4 potions of curing


   Skills:
 + Level 4.5 Fighting
 + Level 4.5 Axes
 + Level 3.8 Armour
 - Level 1.2 Dodging
 + Level 2.6 Invocations
 * Level 2.0 Evocations


You had 5 spell levels left.
You didn't know any spells.
Your spell library contained the following spells:

 Spells                   Type           Power      Damage    Failure   Level
 Corona                   Hex            0%         N/A       32%         1
 Ensorcelled Hibernation  Hex/Ice        0%         N/A       45%         2
 Tukima's Dance           Hex            0%         N/A       69%         3
 Animate Armour           Summ/Erth      0%         N/A       97%         4
 Blade Hands              Tmut           0%         N/A       100%        5
 Iron Shot                Conj/Erth      0%         9d1       100%        6


Dungeon Overview and Level Annotations

Branches:
Dungeon (4/15)
 Temple: D:4-7

Altars:

Shops:
D:3 [

Annotations:
D:4 Duvessa


Innate Abilities, Weirdness & Mutations

You are a tree.
Your roots penetrate the ground, keeping you stationary.
You cannot be teleported.
You are immune to unholy pain and torment.
Your maximum health is greatly increased.
Your equipment is partially melded.
You cannot be hasted, slowed, berserked, paralysed or teleported.
You can dig through walls and to a lower floor.
((You have a pair of large antennae on your head. (SInv)))
Your four strong arms can wield two-handed weapons with a shield.


Message History

You hit Dowan. Dowan closely misses you. Duvessa hits you but does no damage.
You slash Duvessa!
Duvessa is moderately wounded.
You barely miss Dowan. Dowan hits you but does no damage.
Duvessa hits you with a +0 short sword.
You barely miss Duvessa.
Duvessa is moderately wounded.
You hit Dowan. Dowan hits you but does no damage. Duvessa barely misses you.
You slash Duvessa!
Duvessa is heavily wounded.
You closely miss Dowan. Dowan hits you with a +0 dagger.
Duvessa hits you with a +0 short sword!
You hit Duvessa but do no damage.
Duvessa is heavily wounded.
You closely miss Dowan. Dowan barely misses you.
Duvessa hits you but does no damage. Dowan barely misses you.
You hit Duvessa.
Duvessa is severely wounded.
You hit Dowan. Duvessa hits you with a +0 short sword.
Dowan points at you and mumbles some strange words.
The puff of frost hits you but does no damage.
You hit Duvessa but do no damage.
Duvessa is severely wounded.
You hit Dowan.
You kill Dowan!
Lugonu accepts your kill.
You can now bend space around yourself.
Duvessa weeps, then rights herself and shakes her weapon.
Duvessa goes berserk!
Duvessa completely misses you. Duvessa barely misses you.
Your Evocations skill increases to level 2!
It was a potion of lignification.
You turn into a tree.
The +6 scale mail of Impressiveness {Rampage +Inv rF+ Int+4} melds into your body.
Your roots penetrate the ground.
Duvessa hits you with a +0 short sword!
* * * LOW HITPOINT WARNING * * *
Okay, then.
You hit Duvessa but do no damage.
Duvessa is severely wounded.
Duvessa hits you with a +0 short sword!
* * * LOW HITPOINT WARNING * * *
Duvessa hits you with a +0 short sword.
You die...

#### #.# ..# #.#
#.# #.# ##.###.#
#...##.#
###.#.##.#
#.#####...#...<#
......e.#####..#
..#####...#e♣.##
#...#)###
#.#...# #.#####
#.# #.# #.# #.#
..#


You could see Duvessa (berserk).

Vanquished Creatures
  Grinder (D:4)
  Dowan (D:4)
  A centaur zombie (D:3)
  2 adder skeletons
  2 worms (D:2)
  2 dart slugs (D:3)
  3 ball pythons (D:1)
  A bat (D:1)
  7 endoplasms
  7 giant cockroaches
  3 goblins
  2 hobgoblins
  13 jackals
  2 quokkas
  A kobold (D:1)
  2 rats
50 creatures vanquished.

Vanquished Creatures (others)
  A plant (D:3)
1 creature vanquished.

Grand Total: 51 creatures vanquished

Notes
Turn   | Place    | Note
-------+----------+-------------------------------------------
     0 | Abyss:1  | Malachi the Formicid Abyssal Knight began the quest for the
                  | Orb.
     0 | Abyss:1  | Reached XP level 1. HP: 18/18 MP: 2/2
    36 | Abyss:1  | Found a snail-covered altar of Cheibriados.
    91 | Abyss:1  | Found a corrupted altar of Lugonu.
   118 | Abyss:1  | Noticed a large abomination
   191 | Abyss:3  | Noticed a ynoxinul
   205 | D:1      | Escaped the Abyss
   457 | D:1      | Reached XP level 2. HP: 12/24 MP: 3/3
   789 | D:1      | Reached * piety under Lugonu
   802 | D:1      | Reached XP level 3. HP: 25/30 MP: 4/4
  1885 | D:2      | Reached XP level 4. HP: 13/37 MP: 5/5
  2126 | D:2      | Reached skill level 1 in Dodging
  3238 | D:3      | Found Secyusin's Antique Armour Shoppe.
  3275 | D:3      | Found a faded altar of an unknown god.
  3385 | D:3      | Reached XP level 5. HP: 37/42 MP: 6/6
  3736 | D:3      | Bought a heavily runed scale mail for 207 gold pieces
  3736 | D:3      | Identified the +6 scale mail of Impressiveness {Rampage
                  | +Inv rF+ Int+4} (You bought it in a shop on level 3 of the
                  | Dungeon)
  3770 | D:4      | Noticed Grinder
  3797 | D:4      | Killed Grinder
  3798 | D:4      | Reached skill level 1 in Evocations
  3798 | D:4      | Reached XP level 6. HP: 41/49 MP: 7/7
  3951 | D:4      | Noticed Dowan
  3963 | D:4      | Noticed Duvessa
  3988 | D:4      | Killed Dowan
  3988 | D:4      | Reached ** piety under Lugonu
  3990 | D:4      | HP: 1/73 [Duvessa (13)]
  3990 | D:4      | Slain by Duvessa

Illustrated notes

Levels and vault maps discovered:
D:1:      amcnicky_arrival_abandoned_market, layout_basic,
          minmay_worlds_worst_comb
D:2:      layout_basic
D:3:      layout_rooms, serial_shops, shop_coins,
          shapermc_ecumenical_altar_acropolis
D:4:      layout_loops_ring, gammafunk_temple_overflow_statue,
          kennysheep_another_room, kennysheep_generic_room_11, uniq_duvessa,
          uniq_grinder, uniq_blork_the_orc

Skill      XL: |  1  2  3  4  5  6 |
---------------+-------------------+-----
Fighting       | 4 |  4.5
Dodging        | 1 |  1.2
Axes           | 3 4 |  4.5
Armour         | 3 |  3.8
Evocations     | 1 2 |  2.0
Invocations    | |  2.6

Action                   |  1- 3 |  4- 6 || total
-------------------------+-------+-------++-------
Melee: Hand axe          |   127 |    90 ||   217
Invok: Depart the Abyss  |     1 |       ||     1
  Use: Scroll            |     1 |     2 ||     3
       Potion            |       |     1 ||     1
Armor: Leather armour    |    28 |       ||    28
       Ring mail         |    18 |    19 ||    37
       Scale mail        |       |    21 ||    21
Dodge: Dodged            |    82 |    53 ||   135
